 Dungeon Sprint DCSS version 0.22-a0-430-g6609fc6 (webtiles) character file.

632 raistware the Covert (level 7, -5/27 HPs)
             Began as a Felid Earth Elementalist on May 26, 2018.
             Was an Elder of Sif Muna.
             Slain by a tyrant leech (7 damage)
             ... in the Dungeon (Sprint IX: "|||||||||||||||||||||||||||||") on May 27, 2018.
             The game lasted 00:06:22 (881 turns).

raistware the Covert (Felid Earth Elementalist)      Turns: 881, Time: 00:06:23

Health: -5/27      AC:  2    Str:  7    XL:     7   Next: 24%
Magic:  2/19       EV: 20    Int: 18    God:    Sif Muna [****..]
Gold:   0          SH:  0    Dex: 17    Spells: 14/22 levels left
                                        Lives:  0   Deaths: 2

rFire    . . .     SeeInvis +     - Unarmed
rCold    . . .     Gourm    .   (shield unavailable)
rNeg     . . .     Faith    .   (armour unavailable)
rPois    .         Spirit   .   (helmet unavailable)
rElec    .         Reflect  .   (cloak unavailable)
rCorr    .         Harm     .   (gloves unavailable)
MR       +....     NoTele   +   (boots unavailable)
Stlth    ++++++....             (no amulet)
HPRegen  0.09/turn              l - +2 ring of evasion
MPRegen  0.16/turn              m - +3 ring of strength

@: quick
A: very small, no armour, no weapons or thrown items, stealth, claws 1, fangs 3,
see invisible, carnivore, speed 1, shaggy fur 2, slow metabolism 1, sharp paws
a: Divine Energy, Channel Magic, Forget Spell, Renounce Religion


You were in the Dungeon.
You worshipped Sif Muna.
Sif Muna was greatly pleased with you.
You were not hungry.

You visited 1 branch

Inventory:

Missiles
 b - 14 stones
Jewellery
 l - a +2 ring of evasion (left paw)
 m - a +3 ring of strength (right paw)
Wands
 k - a wand of iceblast (3)
Scrolls
 h - 3 scrolls of remove curse
 i - 2 scrolls of blinking
 j - 2 scrolls of amnesia
Potions
 d - 5 potions of curing
 e - 3 potions of heal wounds
 f - a potion of invisibility
 g - 4 potions of magic
Comestibles
 c - 11 rations


   Skills:
 - Level 2.6 Dodging
 + Level 13.6 Stealth
 - Level 8.0 Unarmed Combat
 * Level 8.3 Spellcasting
 - Level 2.5 Conjurations
 - Level 2.7 Transmutations
 * Level 8.5 Earth Magic


You had 14 spell levels left.
You knew the following spells:

 Your Spells              Type           Power        Failure   Level  Hunger
a - Sandblast             Erth           #####.       1%          1    None
b - Stone Arrow           Conj/Erth      ####..       3%          3    #......
c - Petrify               Tmut/Erth      ####....     10%         4    ###....

Your spell library contained the following spells:

 Spells                   Type           Power        Failure   Level  Hunger
 Passwall                 Tmut/Erth      ####....     1%          2    None
 Lee's Rapid Deconstruct  Erth           #####.....   9%          5    #####..


Dungeon Overview and Level Annotations

Branches:
Dungeon (1/1)

Altars:
Cheibriados
Dithmenos
Elyvilon
Fedhas
Gozag
Hepliaklqana
Kikubaaqudgha
Makhleb
Nemelex Xobeh
Okawaru
Qazlal
Ru
Sif Muna
Trog
Uskayaw
Vehumet
Wu Jian
Xom
Yredelemnul
Zin
The Shining One
Beogh
Jiyva
Lugonu

Annotations:
D Psyche


Innate Abilities, Weirdness & Mutations

You cannot wear armour.
You are incapable of wielding weapons or throwing items.
Your paws allow you to move quietly. (Stealth)
You have sharp claws.
You have razor-sharp teeth.
You have supernaturally acute eyesight. (SInv)
You are carnivorous and can eat meat at any time.
You cover ground quickly.
You are covered in thick fur. (AC +2)
You have a slow metabolism.
Your sharp claws are effective at attacking unaware monsters.


Message History

Confirm with . or Enter, or press ? or * to list all spells.
You don't have enough magic to cast that spell.
Unknown command.
Psyche the Insane Magess comes into view.
She is wielding a dagger of distortion.
The tyrant leech barely misses you.
You barely miss the tyrant leech.
The tyrant leech is almost dead.
The tyrant leech closely misses you.
You closely miss the tyrant leech.
The tyrant leech is almost dead.
You miss the tyrant leech.
The tyrant leech is almost dead.
The tyrant leech bites you!!
Ouch! That really hurt!
* * * LOW HITPOINT WARNING * * *
The tyrant leech draws strength from your injuries!
You scratch the tyrant leech but do no damage.
The tyrant leech is almost dead.
The tyrant leech bites you!
You die...

▓▓▓▓▓▓▓▓▓▓▓▓▓▓▓▓▓▓▓▓▓▓▓▓▓▓
__'..|)[[§§§§9YD)..'9...ZY
▓▓▓▓▓▓▓▓▓▓▓▓▓▓▓▓▓▓▓▓▓▓▓▓▓▓
▓▓▓▓▓▓▓▓▓▓▓▓▓▓▓▓▓▓▓▓▓▓▓▓
y....!($F'..[[[w.†'..†.▓
▓▓▓▓▓▓▓▓▓▓▓▓▓▓▓▓▓▓▓▓▓▓.▓
@........@w...........▓
▓▓▓▓▓▓▓▓▓▓▓▓▓▓▓▓▓▓▓▓▓▓▓


You could see a tyrant leech.

Vanquished Creatures
  A tyrant leech (D)
  A blink frog (D)
  2 vampire mosquitoes (D)
  An orc warrior (D)
  A phantom (D)
  An ogre (D)
  A centaur (D)
  A crimson imp (D)
  2 hounds (D)
  2 jellies (D)
  An ooze (D)
  2 bats (D)
  2 hobgoblins (D)
  A frilled lizard (D)
  A leopard gecko skeleton (D)
20 creatures vanquished.

Vanquished Creatures (others)
  A bullfrog (D)
1 creature vanquished.

Grand Total: 21 creatures vanquished

Notes
Turn   | Place    | Note
-------+----------+-------------------------------------------
     0 | D        | raistware the Felid Earth Elementalist began the quest for the Orb.
     0 | D        | Reached XP level 1. HP: 7/7 MP: 4/4
     5 | D        | Reached skill level 4 in Stealth
    14 | D        | Reached skill level 5 in Stealth
   103 | D        | Noticed a hound
   103 | D        | Noticed an ogre
   103 | D        | Noticed a hound
   109 | D        | Killed a hound
   109 | D        | Reached skill level 8 in Stealth
   109 | D        | Reached XP level 2. HP: 9/11 MP: 6/6
   109 | D        | Reached XP level 3. HP: 12/14 MP: 7/7
   113 | D        | Killed an ogre
   113 | D        | Reached skill level 10 in Stealth
   113 | D        | Reached skill level 5 in Unarmed Combat
   113 | D        | Reached XP level 4. HP: 16/18 MP: 8/8
   114 | D        | Reached skill level 11 in Stealth
   114 | D        | Reached XP level 5. HP: 19/21 MP: 9/9
   141 | D        | Found a roughly hewn altar of Beogh.
   141 | D        | Found a snail-covered altar of Cheibriados.
   141 | D        | Found a shadowy altar of Dithmenos.
   141 | D        | Found a white marble altar of Elyvilon.
   141 | D        | Found a blossoming altar of Fedhas.
   141 | D        | Found an opulent altar of Gozag.
   142 | D        | Found a hazy altar of Hepliaklqana.
   143 | D        | Found a viscous altar of Jiyva.
   144 | D        | Found an ancient bone altar of Kikubaaqudgha.
   145 | D        | Found a corrupted altar of Lugonu.
   146 | D        | Found a burning altar of Makhleb.
   147 | D        | Found a sparkling altar of Nemelex Xobeh.
   148 | D        | Found an iron altar of Okawaru.
   149 | D        | Found a stormy altar of Qazlal.
   150 | D        | Found a sacrificial altar of Ru.
   151 | D        | Found a deep blue altar of Sif Muna.
   152 | D        | Found a bloodstained altar of Trog.
   153 | D        | Found a hide-covered altar of Uskayaw.
   154 | D        | Found a radiant altar of Vehumet.
   155 | D        | Found an ornate altar of the Wu Jian Council.
   156 | D        | Found a shimmering altar of Xom.
   157 | D        | Found a basalt altar of Yredelemnul.
   158 | D        | Found a glowing silver altar of Zin.
   159 | D        | Became a worshipper of Sif Muna the Loreminder
   160 | D        | Found a glowing golden altar of the Shining One.
   344 | D        | Learned a level 3 spell: Stone Arrow
   349 | D        | Learned a level 4 spell: Petrify
   349 | D        | Noticed a phantom
   349 | D        | Noticed a centaur
   349 | D        | Noticed an orc warrior
   355 | D        | Killed a phantom
   355 | D        | Reached * piety under Sif Muna
   355 | D        | Gained mutation: You are covered in thick fur. (AC +2) [Felid growth]
   355 | D        | Reached XP level 6. HP: 24/24 MP: 9/13
   358 | D        | Reached ** piety under Sif Muna
   358 | D        | Reached skill level 12 in Stealth
   358 | D        | Reached skill level 5 in Spellcasting
   358 | D        | Reached skill level 5 in Earth Magic
   367 | D        | Killed an orc warrior
   494 | D        | Noticed a catoblepas
   494 | D        | Noticed a gargoyle
   494 | D        | Noticed an eight-headed hydra
   494 | D        | Noticed a sky beast
   500 | D        | Reached XP level 7. HP: 27/27 MP: 17/17
   569 | D        | Killed from afar by a gargoyle
   570 | D        | Reached XP level 6. HP: -1/24 MP: 16/16
   594 | D        | Noticed a vampire mosquito
   594 | D        | Noticed a blink frog
   602 | D        | Noticed a tyrant leech
   603 | D        | Noticed a vampire mosquito
   604 | D        | Noticed a vampire mosquito
   611 | D        | Noticed a tyrant leech
   613 | D        | Killed a blink frog
   613 | D        | Reached *** piety under Sif Muna
   613 | D        | Reached skill level 1 in Conjurations
   614 | D        | Noticed a blink frog
   617 | D        | Killed a vampire mosquito
   617 | D        | Reached skill level 13 in Stealth
   617 | D        | Reached XP level 7. HP: 10/27 MP: 1/18
   818 | D        | Annihilated by a tyrant leech
   819 | D        | Reached XP level 6. HP: -30/24 MP: 3/17
   827 | D        | Killed a tyrant leech
   827 | D        | Reached **** piety under Sif Muna
   828 | D        | Killed a vampire mosquito
   828 | D        | Reached XP level 7. HP: 23/27 MP: 3/19
   875 | D        | Noticed Psyche
   881 | D        | Slain by a tyrant leech

Vault maps used:
D:        linesprint

Skill      XL: |  1  2  3  4  5  6 |
---------------+-------------------+-----
Stealth        | 8 10 11 13 | 13.6
Unarmed Combat | 3 5 6 7 8 |  8.0
Earth Magic    | 4 8 |  8.5
Spellcasting   | 4 8 |  8.3
Conjurations   | 2 |  2.5
Transmutations | 2 |  2.7
Dodging        | |  2.6

Action                   |  1- 3 |  4- 6 |  7- 9 || total
-------------------------+-------+-------+-------++-------
Melee: Unarmed           |    16 |    16 |     4 ||    36
       Bite              |     5 |     2 |       ||     7
       Punch             |       |     1 |       ||     1
 Cast: Sandblast         |     4 |     7 |     5 ||    16
       Stone Arrow       |       |     7 |     8 ||    15
Evoke: Wand              |       |     4 |     3 ||     7
  Use: Potion            |     1 |     1 |       ||     2
 Stab: Sleeping          |     1 |     3 |       ||     4
  Eat: Chunk             |     3 |     3 |       ||     6
Armor: Skin              |     1 |       |       ||     1
Dodge: Dodged            |    14 |    15 |     3 ||    32

Table legend:
 A = Spawn XP
 B = Non-spawn XP
 C = Spawn XP percentage of total XP
 D = Spawn monster count
 E = Non-spawn monster count
 F = Spawn count percentage of total count
 G = Total turns spent on level
                    A         B        C        D         E        F      G
               +---------+---------+-------+---------+---------+-------+---------
         Total |       0 |    1683 |   0.0 |       0 |      21 |   0.0 |   881
               +---------+---------+-------+---------+---------+-------+---------
             D |       0 |    1683 |   0.0 |       0 |      21 |   0.0 |   881
               +---------+---------+-------+---------+---------+-------+---------
